 Dungeon Crawl Stone Soup version 0.27-a0-421-g7ddf969dea (webtiles) character file.

Game seed: 16122484480254568979

3338 sanka the Martial Artist (level 9, -11/66 HPs)
             Began as a Vampire Transmuter on Feb 26, 2021.
             Was a Priest of Okawaru.
             Mangled by a white ugly thing (19 damage)
             ... on level 7 of the Dungeon.
             The game lasted 00:14:31 (6300 turns).

sanka the Martial Artist (Vampire Transmuter)       Turns: 6300, Time: 00:14:32

Health: -11/66     AC:  2    Str:  9    XL:     9   Next: 72%
Magic:  11/12      EV: 31    Int: 16    God:    Okawaru [***...]
Gold:   424        SH:  0    Dex: 22    Spells: 6/12 levels left

rFire    . . .     SeeInvis +     - Unarmed
rCold    . . .     Faith    +   (shield currently unavailable)
rNeg     . . .     Spirit   .   (armour currently unavailable)
rPois    x         Reflect  .   (helmet currently unavailable)
rElec    .         Harm     .   (cloak currently unavailable)
rCorr    .         Rampage  .   (gloves currently unavailable)
Will     +....                  (boots currently unavailable)
Stlth    ++........             F - amulet of faith
HPRegen  0.41/turn              y - ring of willpower
MPRegen  0.13/turn              h - +4 ring of evasion

@: spider-form, regenerating quickly
A: tiny, see invisible
a: Exsanguinate, End Transformation, Renounce Religion, Heroism


You were on level 7 of the Dungeon.
You worshipped Okawaru.
Okawaru was most pleased with you.
You were a venomous arachnid creature.
You visited 2 branches of the dungeon, and saw 8 of its levels.
You also visited: Ossuary.

You collected 424 gold pieces.


Innate Abilities, Weirdness & Mutations

Your natural rate of healing is unusually fast.
((You have razor-sharp teeth.))
You have supernaturally acute eyesight. (SInv)
((You can survive without breathing.))


   Skills:
 + Level 4.5 Fighting
 + Level 6.2 Dodging
 * Level 8.8 Unarmed Combat
 - Level 2.0 Spellcasting
 - Level 8.0 Transmutations
 - Level 3.0 Poison Magic
 - Level 4.0 Invocations


You had 6 spell levels left.
You knew the following spells:

 Your Spells              Type           Power        Failure   Level
x - Beastly Appendage     Tmut           54%          4%          1
y - Wereblood             Tmut           27%          5%          2
z - Spider Form           Tmut/Pois      9%           17%         3

Your spell library contained the following spells:

 Spells                   Type           Power        Failure   Level
 Freeze                   Ice            4%           41%         1
 Blade Hands              Tmut           13%          43%         5
 Ice Form                 Ice/Tmut       14%          58%         4
 Frozen Ramparts          Ice            2%           73%         3
 Ozocubu's Armour         Ice            1%           73%         3
 Hailstorm                Conj/Ice       1%           97%         4
 Summon Ice Beast         Ice/Summ       1%           97%         4

Inventory:

Hand Weapons
 a - a +3 long sword of draining
 w - a +2 quarterstaff of chaos
 C - the +6 hunting sling of the Traitor {freeze, rElec Will+}

   It causes projectiles fired from it to freeze those they strike, causing
   extra injury to most foes and up to half again as much damage against
   particularly susceptible opponents.
   They can also slow down cold-blooded creatures.
   It insulates you from electricity.
   It affects your willpower, your defense against some magical effects.
Missiles
 D - 2 throwing nets {=f}
Armour
 m - a +2 robe of willpower (melded)
 p - a +2 helmet (melded)
 u - a +0 cloak
 K - the +0 cloak "Javogir" (melded) {rPois Will+ Str+3 Int-2}

   It affects your strength (+3).
   It affects your intelligence (-2).
   It protects you from poison.
   It affects your willpower, your defense against some magical effects.
Jewellery
 h - a +4 ring of evasion (right front leg)
 k - an amulet of reflection
 y - a ring of willpower (left front leg)
 E - a ring of positive energy
 F - an amulet of faith (around neck)
Wands
 n - a wand of paralysis (8)
 v - a wand of polymorph (9)
 B - a wand of iceblast (2)
Scrolls
 c - 11 scrolls of identify {@r1}
 d - a scroll of teleportation {unknown}
 e - 3 scrolls of magic mapping {unknown}
 i - 2 scrolls of blinking {unknown}
 o - a scroll of amnesia {unknown}
 r - a scroll of fear {unknown}
 x - 2 scrolls of enchant armour {unknown}
 z - 2 scrolls of immolation {!r}
 A - a scroll of holy word {unknown}
 H - a scroll of brand weapon {unknown}
 J - a scroll of enchant weapon {unknown}
Potions
 b - 3 potions of attraction {unknown}
 f - 2 potions of mutation {unknown}
 g - 2 potions of resistance {unknown}
 j - 5 potions of curing {unknown}
 l - a potion of haste {unknown}
 q - 3 potions of heal wounds {unknown}
 s - a potion of berserk rage {unknown}
 t - a potion of degeneration {unknown}
 G - a potion of cancellation {unknown}
 I - 2 potions of ambrosia {unknown}
 L - a potion of lignification {unknown}

Dungeon Overview and Level Annotations

Branches:
Dungeon (7/15)             Temple (1/1) D:5         Ossuary (visited)

Altars:
Ashenzari
Cheibriados
Dithmenos
Elyvilon
Gozag
Hepliaklqana
Makhleb
Nemelex Xobeh
Okawaru
Qazlal
Ru
Sif Muna
Trog
Uskayaw
Vehumet
Wu Jian
Yredelemnul
Zin
The Shining One

▒▒▒▒▒▒▒▒▒ .........
......... ....▒▒▒▒▒
▒▒▒▒ ▒▒ ....▒♣♣.♣♣
♣♣...♣ ♣..
....▒♣.♣.♣♣♣.†♣ ..
......♣♣♣)).♣♣♣♣♣▒.▒
....▒♣.♣.♣♣♣..♣.sK▒
..▒.▒ ♣.♣ ♣♣...♣uS.♣
....▒ ▒▒▒ ▒▒▒▒▒♣K♣▒
....▒ K♣ ▒▒..▒ K
▒▒..▒ ▒y ▒▒..▒ BF K.


You could see a white ugly thing (extremely poisoned), a hornet shaped shifter,
a kobold brigand, a bullfrog, a worker ant, an adder and 4 kobolds.


Message History

The white ugly thing closely misses you.
The kobold misses you.
A worker ant comes into view.
You completely miss the white ugly thing.
The white ugly thing is lightly wounded.
The black mamba changes into a hornet!
The white ugly thing closely misses you.
You hit the white ugly thing but do no damage.
The white ugly thing looks as sick as possible!
The white ugly thing is lightly wounded.
The kobold completely misses you.
Unknown command.
You hit the white ugly thing but do no damage.
The white ugly thing looks as sick as possible!
The white ugly thing is lightly wounded.
The white ugly thing completely misses you.
The kobold completely misses you.
You hit the white ugly thing but do no damage.
The white ugly thing is lightly wounded.
The white ugly thing engulfs you! The white ugly thing freezes you!!
* * * LOW HITPOINT WARNING * * *
The kobold misses you.
Unknown command.
You barely miss the white ugly thing.
The white ugly thing is lightly wounded.
The white ugly thing engulfs you!
* * * LOW HITPOINT WARNING * * *
The white ugly thing freezes you!!
You die...

Action                   |  1- 3 |  4- 6 |  7- 9 || total
-------------------------+-------+-------+-------++-------
Melee: Unarmed           |   123 |   142 |   396 ||   661
       Headbutt          |    14 |     8 |       ||    22
       Bite              |    14 |     4 |     6 ||    24
       Kick              |     9 |    12 |       ||    21
       Punch             |       |     2 |       ||     2
 Cast: Beastly Appendage |    19 |    10 |       ||    29
       Spider Form       |       |    13 |    35 ||    48
Invok: Heroism           |       |       |     1 ||     1
Evoke: Wand              |       |       |     1 ||     1
  Use: Scroll            |       |       |     1 ||     1
 Stab: Sleeping          |     1 |     1 |     1 ||     3
       Paralysed         |       |       |     6 ||     6
Armor: Robe              |    17 |    12 |     6 ||    35
       Skin              |       |     7 |     6 ||    13
Dodge: Dodged            |    91 |   192 |   339 ||   622
Block: Other             |       |    20 |    47 ||    67
       Reflection        |       |       |     1 ||     1

Levels and vault maps discovered:
D:1:      nzn_arrival_crosshair, layout_loops_ring, serial_forest,
          infiniplex_forest_straight_1, infiniplex_forest_lined_2,
          infiniplex_forest_zigzag_1, infiniplex_forest_lined_1,
          infiniplex_forest_lined_2, minmay_misc_feat_tiny
D:2:      layout_rooms, okawaru_ov_weapons_minmay, nicolae_tso_carved_into_rock
D:3:      layout_basic, hangedman_feature_mirror, uniq_terence
D:4:      layout_loops_ring, kennysheep_mini_moat, uniq_menkaure, uniq_sigmund
D:5:      layout_rooms, nicolae_overflow_crystal_walls,
          minmay_temple_entry_ruins, kennysheep_generic_room_4,
          uniq_crazy_yiuf_cottage, uniq_blork_the_orc
D:6:      layout_rooms, nicolae_gozag_cash_rules_everything_around_me,
          enter_ossuary_4, lexackson_kobold_supper, uniq_grinder,
          uniq_prince_ribbit1, uniq_pikel, uniq_duvessa
D:7:      nzn_winding_woodlands_large [nzn_winding_woodlands_5x5_closed_star,
          nzn_winding_woodlands_5x15_twine, nzn_winding_woodlands_5x5_perimeter,
          nzn_winding_woodlands_center_lodge,
          nzn_winding_woodlands_15x15_five_gardens,
          nzn_winding_woodlands_center_pierced_h,
          nzn_winding_woodlands_hourglass, nzn_winding_woodlands_5x15_sawtooth,
          nzn_winding_woodlands_5x5_checkerboard], layout_rooms, minitemple,
          kennysheep_cross_bottleneck, lemuel_altar_in_water
Temple:   jpeg_temple_clearing

Notes
Turn   | Place    | Note
-------+----------+-------------------------------------------
     0 | D:1      | sanka the Vampire Transmuter began the quest for the Orb.
     0 | D:1      | Reached XP level 1. HP: 14/14 MP: 3/3
   147 | D:1      | Reached XP level 2. HP: 11/20 MP: 3/5
   183 | D:1      | Reached skill level 4 in Unarmed Combat
   186 | D:1      | Learned a level 2 spell: Wereblood
   899 | D:1      | Reached skill level 3 in Transmutations
   954 | D:2      | Reached XP level 3. HP: 11/25 MP: 4/6
  1034 | D:1      | Learned a level 3 spell: Spider Form
  1159 | D:2      | Reached skill level 4 in Transmutations
  1270 | D:2      | Reached XP level 4. HP: 31/31 MP: 5/7
  1334 | D:2      | Found an iron altar of Okawaru.
  1390 | D:4      | Reached skill level 1 in Poison Magic
  1479 | D:4      | Noticed Sigmund
  1782 | D:3      | Reached XP level 5. HP: 23/36 MP: 6/8
  1914 | D:3      | Noticed Terence
  1954 | D:3      | Killed Terence
  1955 | D:3      | Reached skill level 5 in Transmutations
  2048 | D:5      | Entered Level 5 of the Dungeon
  2052 | D:5      | Found a staircase to the Ecumenical Temple.
  2062 | Temple   | Entered the Ecumenical Temple
  2165 | Temple   | Reached skill level 2 in Poison Magic
  2221 | D:5      | Noticed an ogre
  2222 | D:5      | Noticed Blork the orc
  2261 | Temple   | Killed an ogre
  2262 | Temple   | Reached skill level 6 in Transmutations
  2262 | Temple   | Reached XP level 6. HP: 11/42 MP: 6/9
  2488 | Temple   | Killed Blork the orc
  2655 | Temple   | Reached skill level 3 in Poison Magic
  2714 | D:5      | Reached XP level 7. HP: 47/47 MP: 6/10
  2736 | D:5      | Reached skill level 3 in Dodging
  2806 | D:5      | Reached skill level 1 in Fighting
  3114 | D:4      | Killed Sigmund
  3115 | D:4      | Reached skill level 7 in Transmutations
  3233 | D:4      | Noticed Menkaure
  3245 | D:4      | Killed Menkaure
  3246 | D:4      | Reached skill level 5 in Unarmed Combat
  3353 | D:2      | Became a worshipper of Warmaster Okawaru
  3377 | D:2      | Reached skill level 2 in Fighting
  3402 | D:2      | Found a glowing golden altar of the Shining One.
  4198 | D:4      | Found a basalt altar of Yredelemnul.
  4215 | D:5      | Found a sacrificial altar of Ru.
  4314 | D:5      | Found a runed translucent door.
  4314 | D:5      | Noticed Crazy Yiuf
  4325 | D:5      | Killed Crazy Yiuf
  4516 | D:5      | Reached XP level 8. HP: 56/56 MP: 5/11
  4590 | D:5      | Reached skill level 4 in Dodging
  4689 | D:6      | Noticed Grinder
  4727 | D:6      | Killed Grinder
  4727 | D:6      | Reached * piety under Okawaru
  4728 | D:6      | Reached skill level 6 in Unarmed Combat
  4842 | D:6      | Identified the +6 hunting sling of the Traitor {freeze,
                  | rElec Will+}
  4852 | D:6      | Noticed Pikel
  4872 | D:6      | Killed Pikel
  4873 | D:6      | Reached skill level 3 in Fighting
  4873 | D:6      | Reached skill level 5 in Dodging
  4873 | D:6      | Reached skill level 7 in Unarmed Combat
  4873 | D:6      | Reached skill level 8 in Transmutations
  4983 | D:6      | Noticed Duvessa
  4984 | D:6      | Noticed Dowan
  5001 | D:6      | Killed Duvessa
  5002 | D:6      | Reached XP level 9. HP: 43/65 MP: 9/12
  5005 | D:6      | Killed Dowan
  5035 | D:6      | Reached ** piety under Okawaru
  5036 | D:6      | Found an opulent altar of Gozag.
  5062 | D:6      | Reached skill level 4 in Fighting
  5062 | D:6      | Reached skill level 8 in Unarmed Combat
  5101 | D:6      | Found a sand-covered staircase.
  5108 | Ossuary  | Entered an ossuary
  5295 | Ossuary  | Reached skill level 1 in Invocations
  5432 | Ossuary  | Reached skill level 2 in Invocations
  5775 | D:6      | Reached skill level 3 in Invocations
  5903 | D:6      | Noticed Prince Ribbit
  5921 | D:6      | Killed Prince Ribbit
  6088 | D:7      | Reached skill level 4 in Invocations
  6104 | D:7      | Identified the +0 cloak "Javogir" {rPois Will+ Str+3 Int-2}
  6238 | D:7      | Reached skill level 6 in Dodging
  6281 | D:7      | Noticed a rime drake
  6282 | D:7      | Noticed a black mamba
  6282 | D:7      | a rime drake changed into a black mamba
  6285 | D:7      | Noticed a white ugly thing
  6285 | D:7      | Reached *** piety under Okawaru
  6296 | D:7      | a black mamba changed into a hornet
  6300 | D:7      | Mangled by a white ugly thing

Vanquished Creatures
  Pikel (D:6)
  Grinder (D:6)
  Prince Ribbit (D:6)
  A wraith (Ossuary)
  Sigmund (D:4)
  Menkaure (D:4)
  Duvessa (D:6)
  An orc warrior (D:7)
  An ice beast (D:7)
  A sky beast (D:6)
  2 ogres
  A necrophage (D:7)
  A lemure (D:6)
  5 bullfrogs
  A kobold brigand (D:6)
  Blork the orc (Temple)
  A wyvern zombie (D:5)
  Dowan (D:6)
  2 bullfrog zombies
  5 hounds
  A quasit (Temple)
  Crazy Yiuf (D:5)
  A centaur skeleton (D:7)
  2 gnoll shamans
  Terence (D:3)
  2 orc wizards (D:7)
  4 worker ants
  3 mummies (Ossuary)
  7 adders
  9 gnolls
  A howler monkey skeleton (D:4)
  2 shadow imps
  An ufetubus (Temple)
  2 oozes
  An adder zombie (D:6)
  3 worms
  2 dart slugs
  6 leopard geckos
  9 orcs
  3 ball pythons
  3 giant cockroaches
  7 goblins
  9 hobgoblins
  3 jackals (D:1)
  14 kobolds
  6 quokkas
  9 bats
  4 frilled lizards
  4 goblin zombies
  6 hobgoblin zombies (Ossuary)
  A jackal skeleton (D:5)
  A kobold zombie (Ossuary)
  An orc zombie (Ossuary)
  A quokka zombie (D:6)
  6 rats
166 creatures vanquished.

Vanquished Creatures (others)
  38 plants
38 creatures vanquished.

Grand Total: 204 creatures vanquished
